TOP OF THE 1ST |
Windy City ThunderBolts batting - Pitching for London Majors : LHP Antoine Herndon
|
Pitching: LHP Antoine Herndon
|
|
Batting: LHB Jose Pereyra
|
0-0: Ball 1-0: Ball 2-0: Ball 3-0: Called Strike 3-1: Called Strike 3-2: Base on Balls
|
Batting: SHB Rob Haney
|
0-0: Ball 1-0: Grounds into double play, 4-6-3 (Groundball, 4M, EV 105.0 MPH)
|
Batting: SHB Noah Long
|
0-0: Swinging Strike 0-1: Foul Ball, location: 2F 0-2: Ball 1-2: Ball 2-2: Ball 3-2: Strikes out looking
|
Top of the 1st over - 0 runs, 0 hits, 0 errors, 0 left on base; Windy City 0 - London 0 |
BOTTOM OF THE 1ST |
London Majors batting - Pitching for Windy City ThunderBolts : RHP Julio Plazas
|
Pitching: RHP Julio Plazas
|
|
Batting: LHB Nate Greening
|
0-0: Called Strike 0-1: Ball 1-1: Swinging Strike 1-2: Foul Ball, location: 2F 1-2: Strikes out swinging
|
Batting: RHB Carlos Murillo
|
0-0: Foul Ball, location: 2F 0-1: SINGLE (Groundball, 56, EV 96.2 MPH)
|
Batting: RHB Akira Kubo
|
0-0: Ball 1-0: Foul Ball, location: 2F 1-1: Called Strike 1-2: Ball 2-2: Ball 3-2: Strikes out swinging
|
Batting: RHB Brandon Williams
|
0-0: Called Strike 0-1: Ball 1-1: Ball 2-1: Foul Ball, location: 2F 2-2: Ball 3-2: Ground out 5-3 (Groundball, 56S, EV 79.4 MPH)
|
Bottom of the 1st over - 0 runs, 1 hit, 0 errors, 1 left on base; Windy City 0 - London 0 |
TOP OF THE 2ND |
Windy City ThunderBolts batting - Pitching for London Majors : LHP Antoine Herndon
|
Batting: RHB Tyrell Camp
|
0-0: Called Strike 0-1: Ball 1-1: Ball 2-1: Foul Ball, location: 2F 2-2: Ball 3-2: Foul Ball, location: 2F 3-2: Foul Ball, location: 2F 3-2: Base on Balls
|
Batting: RHB Nhat Phong
|
0-0: Called Strike 0-1: Foul Ball, location: 2F 0-2: Strikes out swinging
|
Batting: RHB Joselito Santos
|
0-0: Ball 1-0: Grounds into double play, 4-6-3 (Groundball, 34S, EV 83.1 MPH)
|
Top of the 2nd over - 0 runs, 0 hits, 0 errors, 0 left on base; Windy City 0 - London 0 |
BOTTOM OF THE 2ND |
London Majors batting - Pitching for Windy City ThunderBolts : RHP Julio Plazas
|
Batting: RHB Rudolph Lentz
|
0-0: DOUBLE (Line Drive, 9LS, EV 103.1 MPH)
|
Batting: RHB Mikey Sano
|
0-0: Foul Ball, location: 2F 0-1: Called Strike 0-2: Ball 1-2: Ball 2-2: Foul Ball, location: 2F 2-2: Ground out 6-3 (Groundball, 6, EV 84.4 MPH)
|
Batting: RHB Lao-che Zhu
|
0-0: Ball 1-0: SINGLE (Groundball, 4, EV 97.5 MPH) Rudolph Lentz to third Runner from 3rd tries for Home, throw by CF and OUT! 8-2 Lao-che Zhu to second
|
Batting: RHB Jorge Alva
|
0-0: Ground out 4-3 (Groundball, 4M, EV 99.4 MPH)
|
Bottom of the 2nd over - 0 runs, 2 hits, 0 errors, 1 left on base; Windy City 0 - London 0 |
TOP OF THE 3RD |
Windy City ThunderBolts batting - Pitching for London Majors : LHP Antoine Herndon
|
Batting: SHB Danny Gallegos
|
0-0: Swinging Strike 0-1: Ball 1-1: Fly out, F8 (Line Drive, 8LD, EV 95.6 MPH)
|
Batting: RHB Kaoru Hamada
|
0-0: Foul Ball, location: 2F 0-1: Called Strike 0-2: Ball 1-2: Ball 2-2: Ball 3-2: Foul Ball, location: 2F 3-2: Foul Ball, location: 2F 3-2: Foul Ball, location: 2F 3-2: Ground out 5-3 (Groundball, 5, EV 79.4 MPH)
|
Batting: RHB Dave Dominguez
|
0-0: Foul Ball, location: 2F 0-1: Swinging Strike 0-2: Foul Ball, location: 2F 0-2: Ball 1-2: Foul Ball, location: 2F 1-2: Strikes out looking
|
Top of the 3rd over - 0 runs, 0 hits, 0 errors, 0 left on base; Windy City 0 - London 0 |
BOTTOM OF THE 3RD |
London Majors batting - Pitching for Windy City ThunderBolts : RHP Julio Plazas
|
Batting: RHB Benedikt Fleischmann
|
0-0: Ball 1-0: Ground out 6-3 (Groundball, 6, EV 76.2 MPH)
|
Batting: LHB Nate Greening
|
0-0: Ball 1-0: Swinging Strike 1-1: Swinging Strike 1-2: Strikes out looking
|
Batting: RHB Carlos Murillo
|
0-0: Called Strike 0-1: Foul Ball, location: 2F 0-2: Ball 1-2: Ball 2-2: Ball 3-2: Foul Ball, location: 2F 3-2: Base on Balls
|
Batting: RHB Akira Kubo
|
0-0: Ball Carlos Murillo is caught stealing 2nd base 2-4
|
Bottom of the 3rd over - 0 runs, 0 hits, 0 errors, 0 left on base; Windy City 0 - London 0 |
TOP OF THE 4TH |
Windy City ThunderBolts batting - Pitching for London Majors : LHP Antoine Herndon
|
Batting: LHB Jose Pereyra
|
0-0: Fly out, F8 (Flyball, 8LD, EV 86.2 MPH)
|
Batting: SHB Rob Haney
|
0-0: Ball 1-0: Foul Ball, location: 2F 1-1: Foul Ball, location: 2F 1-2: Foul Ball, location: 2F 1-2: Strikes out swinging
|
Batting: SHB Noah Long
|
0-0: Ball 1-0: Fly out, F8 (Flyball, 8LD, EV 96.9 MPH)
|
Top of the 4th over - 0 runs, 0 hits, 0 errors, 0 left on base; Windy City 0 - London 0 |
BOTTOM OF THE 4TH |
London Majors batting - Pitching for Windy City ThunderBolts : RHP Julio Plazas
|
Batting: RHB Akira Kubo
|
0-0: Ball 1-0: Ground out 5-3 (Groundball, 56S, EV 78.8 MPH)
|
Batting: RHB Brandon Williams
|
0-0: Ball 1-0: Ball 2-0: Ball 3-0: Called Strike 3-1: Base on Balls
|
Batting: RHB Rudolph Lentz
|
0-0: Foul Ball, location: 2F 0-1: Called Strike 0-2: Foul Ball, location: 2F 0-2: Strikes out swinging
|
Batting: RHB Mikey Sano
|
0-0: Ball 1-0: Fly out, F8 (Flyball, 89M, EV 98.1 MPH)
|
Bottom of the 4th over - 0 runs, 0 hits, 0 errors, 1 left on base; Windy City 0 - London 0 |
TOP OF THE 5TH |
Windy City ThunderBolts batting - Pitching for London Majors : LHP Antoine Herndon
|
Batting: RHB Tyrell Camp
|
0-0: Ball 1-0: Ball 2-0: Called Strike 2-1: Foul Ball, location: 2F 2-2: Ball 3-2: SOLO HOME RUN (Flyball, 7LD, EV 94.4 MPH), Distance : 347 ft
|
Batting: RHB Nhat Phong
|
0-0: Swinging Strike 0-1: Ball 1-1: Called Strike 1-2: Foul Ball, location: 2F 1-2: Ball 2-2: Strikes out swinging, 2-3 out at first.
|
Batting: RHB Joselito Santos
|
0-0: Fly out, F8 (Flyball, 8RM, EV 90.0 MPH)
|
Batting: SHB Danny Gallegos
|
0-0: Ball 1-0: Called Strike 1-1: Ball 2-1: Ball 3-1: Ground out 1-3 (Groundball, 15S, EV 71.2 MPH)
|
Top of the 5th over - 1 run, 1 hit, 0 errors, 0 left on base; Windy City 1 - London 0 |
BOTTOM OF THE 5TH |
London Majors batting - Pitching for Windy City ThunderBolts : RHP Julio Plazas
|
Batting: RHB Lao-che Zhu
|
0-0: Ball 1-0: Ground out U3 (Groundball, 3S, EV 87.5 MPH)
|
Batting: RHB Jorge Alva
|
0-0: Ball 1-0: Ball 2-0: Ball 3-0: Base on Balls
|
Batting: RHB Benedikt Fleischmann
|
0-0: Ball 1-0: Fly out, F9 (Flyball, 9, EV 85.0 MPH)
|
Batting: LHB Nate Greening
|
0-0: Ground out U3 (Groundball, 3, EV 106.2 MPH)
|
Bottom of the 5th over - 0 runs, 0 hits, 0 errors, 1 left on base; Windy City 1 - London 0 |
TOP OF THE 6TH |
Windy City ThunderBolts batting - Pitching for London Majors : LHP Antoine Herndon
|
Batting: RHB Kaoru Hamada
|
0-0: Ball 1-0: Ball 2-0: Foul Ball, location: 2F 2-1: Fly out, F7 (Flyball, 7LS, EV 90.6 MPH)
|
Batting: RHB Dave Dominguez
|
0-0: Called Strike 0-1: Called Strike 0-2: Strikes out swinging
|
Batting: LHB Jose Pereyra
|
0-0: Called Strike 0-1: Ball 1-1: Swinging Strike 1-2: Reached on error, E4 (Groundball, 4S, EV 78.8 MPH)
|
Batting: SHB Rob Haney
|
0-0: Ball 1-0: Ball 2-0: Fly out, F8 (Flyball, 89M, EV 82.5 MPH)
|
Top of the 6th over - 0 runs, 0 hits, 1 error, 1 left on base; Windy City 1 - London 0 |
BOTTOM OF THE 6TH |
London Majors batting - Pitching for Windy City ThunderBolts : RHP Julio Plazas
|
Batting: RHB Carlos Murillo
|
0-0: Foul Ball, location: 2F 0-1: Fly out, F9 (Line Drive, 89M, EV 88.8 MPH)
|
Batting: RHB Akira Kubo
|
0-0: Ball 1-0: Ball 2-0: Ball 3-0: Base on Balls
|
Batting: RHB Brandon Williams
|
0-0: Ball 1-0: Ball 2-0: Foul Ball, location: 2F 2-1: SINGLE (Flyball, 4D, EV 88.8 MPH) Akira Kubo to second
|
Pinch Hitting: RHB Manny Elizondo
|
0-0: Ball 1-0: Foul Ball, location: 2F 1-1: Called Strike Balk! Akira Kubo to third Brandon Williams to second 1-2: Strikes out swinging
|
Batting: RHB Mikey Sano
|
0-0: Ball 1-0: Ball 2-0: Called Strike 2-1: Ground out 1-3 (Groundball, 34S, EV 66.2 MPH)
|
Bottom of the 6th over - 0 runs, 1 hit, 0 errors, 2 left on base; Windy City 1 - London 0 |
TOP OF THE 7TH |
Windy City ThunderBolts batting - Pitching for London Majors : LHP Antoine Herndon
|
Now in CF: Manny Elizondo
|
|
Now in RF: Jorge Alva
|
|
Batting: SHB Noah Long
|
0-0: Ball 1-0: Called Strike 1-1: Called Strike 1-2: Ball 2-2: Foul Ball, location: 2F 2-2: Foul Ball, location: 2F 2-2: Strikes out looking
|
Batting: RHB Tyrell Camp
|
0-0: Called Strike 0-1: Foul Ball, location: 2F 0-2: Reached on error, E5 (Groundball, 56, EV 85.6 MPH)
|
Batting: RHB Nhat Phong
|
0-0: Swinging Strike 0-1: Fly out, F9 (Flyball, 89D, EV 91.9 MPH) Runner from 2nd tags up, SAFE at 3rd with throw by RF
|
Batting: RHB Joselito Santos
|
0-0: Ball 1-0: Ball 2-0: Swinging Strike 2-1: Foul Ball, location: 2F 2-2: Foul Ball, location: 2F 2-2: Fly out, F8 (Flyball, 89D, EV 102.5 MPH)
|
Top of the 7th over - 0 runs, 0 hits, 1 error, 1 left on base; Windy City 1 - London 0 |
BOTTOM OF THE 7TH |
London Majors batting - Pitching for Windy City ThunderBolts : RHP Julio Plazas
|
Batting: RHB Lao-che Zhu
|
0-0: Ball 1-0: Fly out, F8 (Line Drive, 8LD, EV 90.6 MPH)
|
Batting: RHB Jorge Alva
|
0-0: Called Strike 0-1: Called Strike 0-2: Ball 1-2: Ball 2-2: Ball 3-2: Strikes out swinging
|
Pinch Hitting: RHB Hanley Hernandez
|
0-0: Foul Ball, location: 2F 0-1: Swinging Strike 0-2: Ball 1-2: Foul Ball, location: 2F 1-2: Foul Ball, location: 2F 1-2: Foul Ball, location: 2F 1-2: Strikes out looking
|
Bottom of the 7th over - 0 runs, 0 hits, 0 errors, 0 left on base; Windy City 1 - London 0 |
TOP OF THE 8TH |
Windy City ThunderBolts batting - Pitching for London Majors : LHP Antoine Herndon
|
Pitching: LHP Kevin Snider
|
|
Now in LF: Carlos Viera
|
|
Batting: SHB Danny Gallegos
|
0-0: Called Strike 0-1: Fly out, F4 (Popup, 4S, EV 80.0 MPH)
|
Batting: RHB Kaoru Hamada
|
0-0: Called Strike 0-1: Foul Ball, location: 2F 0-2: Ball 1-2: Strikes out swinging
|
Batting: RHB Dave Dominguez
|
0-0: Fly out, F7 (Flyball, 7, EV 95.6 MPH)
|
Top of the 8th over - 0 runs, 0 hits, 0 errors, 0 left on base; Windy City 1 - London 0 |
BOTTOM OF THE 8TH |
London Majors batting - Pitching for Windy City ThunderBolts : RHP Julio Plazas
|
Pitching: LHP Keith O'Brien
|
|
Now at 2B: Joe Thomas
|
|
Pinch Hitting: SHB Mike Fermin
|
0-0: Ball 1-0: Ball 2-0: Ball 3-0: Called Strike 3-1: Ground out 5-3 (Groundball, 5, EV 83.8 MPH)
|
Batting: RHB Carlos Murillo
|
0-0: Ball 1-0: Swinging Strike 1-1: Foul Ball, location: 2F 1-2: Ball 2-2: Fly out, F9 (Flyball, 9, EV 83.1 MPH)
|
Batting: RHB Akira Kubo
|
0-0: Foul Ball, location: 2F 0-1: Ball 1-1: Ball 2-1: Ground out 4-3 (Groundball, 34, EV 101.2 MPH)
|
Bottom of the 8th over - 0 runs, 0 hits, 0 errors, 0 left on base; Windy City 1 - London 0 |
TOP OF THE 9TH |
Windy City ThunderBolts batting - Pitching for London Majors : LHP Kevin Snider
|
Now at 2B: Mike Fermin
|
|
Batting: LHB Jose Pereyra
|
0-0: Foul Ball, location: 2F 0-1: Ball 1-1: Ground out 6-3 (Groundball, 6, EV 103.8 MPH)
|
Batting: SHB Rob Haney
|
0-0: Foul Ball, location: 2F 0-1: Swinging Strike 0-2: Ball 1-2: Ball 2-2: Foul Ball, location: 2F 2-2: Foul Ball, location: 2F 2-2: Foul Ball, location: 2F 2-2: Ball 3-2: Foul Ball, location: 2F 3-2: Foul Ball, location: 2F 3-2: Strikes out swinging
|
Batting: SHB Noah Long
|
0-0: Ball 1-0: Fly out, F7 (Flyball, 7D, EV 72.5 MPH)
|
Top of the 9th over - 0 runs, 0 hits, 0 errors, 0 left on base; Windy City 1 - London 0 |
BOTTOM OF THE 9TH |
London Majors batting - Pitching for Windy City ThunderBolts : LHP Keith O'Brien
|
Pitching: RHP Jose Rodriguez
|
|
Batting: RHB Brandon Williams
|
0-0: Called Strike 0-1: Foul Ball, location: 2F 0-2: Ball 1-2: Foul Ball, location: 2F 1-2: Foul Ball, location: 2F 1-2: Foul Ball, location: 2F 1-2: Foul Ball, location: 2F 1-2: Fly out, F8 (Flyball, 8LXD, EV 101.9 MPH)
|
Pinch Hitting: RHB Chad Colyer
|
0-0: Foul Ball, location: 2F 0-1: Ball 1-1: Ball 2-1: Ground out 6-3 (Groundball, 6, EV 96.9 MPH)
|
Pinch Hitting: RHB Bruce Ayotte
|
0-0: SOLO HOME RUN (Flyball, 7D, EV 96.9 MPH), Distance : 385 ft
|
Batting: RHB Lao-che Zhu
|
0-0: Ball 1-0: Ball 2-0: Ball 3-0: Base on Balls
|
Batting: RHB Jorge Alva
|
0-0: Ball 1-0: Called Strike 1-1: Called Strike 1-2: Foul Ball, location: 2F 1-2: Strikes out swinging
|
Bottom of the 9th over - 1 run, 1 hit, 0 errors, 1 left on base; Windy City 1 - London 1 |
TOP OF THE 10TH |
Windy City ThunderBolts batting - Pitching for London Majors : LHP Kevin Snider
|
Pitching: LHP Matt Ray
|
|
Now at C: Bruce Ayotte
|
|
Now in CF: Jorge Alva
|
|
Now in RF: Joy-shan Li
|
|
Batting: RHB Tyrell Camp
|
0-0: Called Strike 0-1: Ball 1-1: Foul Ball, location: 2F 1-2: Foul Ball, location: 2F 1-2: SOLO HOME RUN (Flyball, 7D, EV 100.6 MPH), Distance : 368 ft
|
Batting: RHB Joe Thomas
|
0-0: Ball 1-0: Swinging Strike 1-1: SINGLE (Groundball, 56, EV 106.2 MPH) (infield hit)
|
Batting: RHB Joselito Santos
|
0-0: Foul Ball, location: 2F 0-1: Swinging Strike 0-2: Ball 1-2: Fly out, F9 (Flyball, 9, EV 88.8 MPH)
|
Batting: SHB Danny Gallegos
|
0-0: Fielders Choice at 2nd, 6-4 (Groundball, 56, EV 84.4 MPH)
|
Batting: RHB Kaoru Hamada
|
0-0: Called Strike 0-1: Ball 1-1: 2-RUN HOME RUN (Flyball, 78XD, EV 108.8 MPH), Distance : 408 ft
|
Batting: RHB Dave Dominguez
|
0-0: Called Strike 0-1: Ball 1-1: Ball 2-1: Fly out, F5 (Popup, 56S, EV 88.1 MPH)
|
Top of the 10th over - 3 runs, 3 hits, 0 errors, 0 left on base; Windy City 4 - London 1 |
BOTTOM OF THE 10TH |
London Majors batting - Pitching for Windy City ThunderBolts : RHP Jose Rodriguez
|
Pinch Hitting: SHB Willie de Gracia
|
0-0: Ground out U3 (Groundball, 3S, EV 73.8 MPH)
|
Batting: SHB Mike Fermin
|
0-0: Called Strike 0-1: Ground out 6-3 (Groundball, 4M, EV 92.5 MPH)
|
Batting: RHB Carlos Murillo
|
0-0: Ball 1-0: Foul Ball, location: 2F 1-1: Foul Ball, location: 2F 1-2: Ball 2-2: Strikes out swinging
|
Bottom of the 10th over - 0 runs, 0 hits, 0 errors, 0 left on base; Windy City 4 - London 1 |
|